 Dungeon Crawl Stone Soup version 0.30.1-11-g7821555f0a (webtiles) character file.

Game seed: 8604806471487288444

9 DemonSlayer the Digger (level 2, -1/19 HPs)
             Began as a Demonspawn Earth Elementalist on Nov 14, 2023.
             Slain by a jackal (3 damage)
             ... on level 2 of the Dungeon.
             The game lasted 00:01:08 (118 turns).

DemonSlayer the Digger (DsEE)                        Turns: 118, Time: 00:01:09

Health: -1/19      AC:  2    Str:  8    XL:     2   Next: 3%
Magic:  3/5        EV: 12    Int: 16    God:
Gold:   0          SH:  0    Dex: 13    Spells: 4/5 levels left

rFire   . . .        (no weapon)
rCold   . . .        (no shield)
rNeg    . . .        a - +0 robe
rPois   .            (no helmet)
rElec   .            (no cloak)
rCorr   .            (no gloves)
SInv    .            (no boots)
Will    .....        (no amulet)
Stlth   ++           (no ring)
HPRegen 0.23/turn    (no ring)
MPRegen 0.09/turn

%: no passive effects
@: no status effects
A: weakness stinger 1
a: no special abilities


You were on level 2 of the Dungeon.
You visited 1 branch of the dungeon, and saw 2 of its levels.

Inventory:

Armour
 a - a +0 robe (worn)


   Skills:
 + Level 1.7 Dodging
 + Level 1.8 Stealth
 + Level 2.1 Spellcasting
 + Level 0.8 Transmutations
 + Level 3.1 Earth Magic


You had 4 spell levels left.
You knew the following spells:

 Your Spells              Type           Power      Damage    Failure   Level
a - Sandblast             Erth           22%        2d7       6%          1

Your spell library contained the following spells:

 Spells                   Type           Power      Damage    Failure   Level
 Passwall                 Tmut/Erth      6%         N/A       14%         2
 Stone Arrow              Conj/Erth      12%        3d7       32%         3
 Petrify                  Tmut/Erth      8%         N/A       65%         4


Dungeon Overview and Level Annotations

Branches:
Dungeon (2/15)

Altars:


Innate Abilities, Weirdness & Mutations

You have a small tail.


Message History

The jackal closely misses you.
The jackal bites you but does no damage.
You closely miss the jackal.
The jackal is heavily wounded.
The jackal misses you.
You barely miss the jackal.
The jackal is moderately wounded.
The jackal barely misses you.
You hit the jackal.
Your tail-slap misses the jackal.
The jackal is heavily wounded.
The jackal closely misses you. The jackal barely misses you.
You hit the jackal.
The jackal is severely wounded.
The jackal closely misses you.
You closely miss the jackal.
The jackal is severely wounded.
The jackal misses you. The jackal closely misses you.
You closely miss the jackal. Your punch misses the jackal.
The jackal is severely wounded.
The jackal barely misses you.
You miss the jackal.
The jackal is severely wounded.
The jackal closely misses you.
You barely miss the jackal.
Your tail-slap misses the jackal.
The jackal is severely wounded.
The jackal bites you but does no damage.
The jackal bites you.
* * * LOW HITPOINT WARNING * * *
You hit the jackal but do no damage.
The jackal is severely wounded.
The jackal bites you but does no damage.
You barely miss the jackal.
The jackal is severely wounded.
The jackal bites you.
* * * LOW HITPOINT WARNING * * *
The jackal misses you.
You barely miss the jackal.
The jackal is severely wounded.
The jackal bites you.
You die...

...[.# ##..#
######..######...#
.[.........g...#.#
##.#.#.######...# #
#.......K.....#.#
##..##.#.#.######.#.#
..S......#.# #.#.#
##..###.##.######...#
#<....@hK##K###
#†##.###.##.# .....#
#.##.# ......# #.##.#
###.##. #.K..#
..........h..#
.#.######..### #.#
#..# ...#


You could see a jackal and a kobold.

Vanquished Creatures
  A ball python (D:2)
  A hobgoblin (D:1)
  2 jackals (D:2)
  A frilled lizard (D:1)
  A goblin (D:2)
  A kobold (D:1)
  2 rats
9 creatures vanquished.

Notes
Turn   | Place    | Note
-------+----------+-------------------------------------------
     0 | D:1      | DemonSlayer the Demonspawn Earth Elementalist began the
                  | quest for the Orb.
     0 | D:1      | Reached XP level 1. HP: 13/13 MP: 3/3
    67 | D:2      | Reached skill level 3 in Earth Magic
    86 | D:2      | Gained mutation: You have a small tail. [demonic ancestry]
    86 | D:2      | Reached XP level 2. HP: 16/19 MP: 0/5
   118 | D:2      | Slain by a jackal

Illustrated notes

Levels and vault maps discovered:
D:1:      scummos_arrival_forest, layout_rooms,
          hellmonk_ecumenical_altar_prayer_group, hangedman_decor_lopped,
          minmay_domino_4
D:2:      layout_loops_ring, uniq_crazy_yiuf_cottage

Skill      XL: |  1 |
---------------+----+-----
Earth Magic    | 3 |  3.1
Dodging        | |  1.7
Stealth        | |  1.8
Spellcasting   | |  2.1
Transmutations | |  0.8

Action                     || total
---------------------------++-------
  Melee: Unarmed           ||    36
   Cast: Sandblast         ||    10
    Use: Potion            ||     1
 Armour: Robe              ||    10
  Dodge: Dodged            ||    44
